blob, lawful male human Monk ----- ... A...| ---------..-- ----- |.......|...-- --..... |.ww%A..|....---....... |..@D...+....54......... |...w...|....---..``.... |.......|...-- --...`...-- ---------..-- ----`---- ...| |.``-------- ----- |.````....|. -------./.-- |...)- ---...- |.... --- blob the Student of Winds Experience level: 25 Strength: 18/** Dexterity: 18 Constitution: 18 Intelligence: 10 Wisdom: 17 Charisma: 9 Health: 120(120) Energy: 149(149) Def: 11 Gold: 0 Moves: 63110 Dungeon seed: Td6wGNFOGTJKt5E7 Game ID: blob_1539376657 Your Inventory: Amulets k - an uncursed amulet of life saving (being worn) B - an uncursed amulet of magical breathing Weapons P - a +7 silver spear V - the blessed rustproof +7 Excalibur (alternate weapon; not wielded) Armor n - a blessed +4 yellow dragon scale mail (embedded in your skin) Comestibles u - 2 uncursed K-rations A - an uncursed lizard corpse H - 5 uncursed lumps of royal jelly I - an uncursed eucalyptus leaf Scrolls f - 2 blessed scrolls of remove curse g - 2 cursed scrolls of create monster l - a blessed scroll of scare monster K - an uncursed scroll of scare monster X - a blessed scroll of genocide Potions s - 2 uncursed potions of full healing J - 2 potions of holy water Rings d - an uncursed ring of searching j - an uncursed ring of slow digestion (on left foreclaw) w - an uncursed ring of conflict x - an uncursed ring of free action (on right foreclaw) L - an uncursed ring of levitation M - an uncursed ring of protection from shape changers Wands a - a wand of death (0:2) h - a wand of digging (0:7) o - a wand of digging (0:4) z - a wand of death (1:0) D - a wand of cancellation (0:8) E - a wand of polymorph (0:1) U - a wand of wishing (1:2) Tools b - an uncursed magic whistle c - an expensive camera (0:92) i - an uncursed skeleton key m - a blessed bag of holding t - a +0 unicorn horn v - the blessed Eyes of the Overworld (being worn) G - the uncursed Magic Mirror of Merlin O - an uncursed rusty skeleton key S - an uncursed blindfold Gems W - a blessed luckstone Contents of the bag of holding: 6 +0 silver arrows a blessed +7 silver spear a cursed -1 helm of opposite alignment a blessed +1 pair of water walking boots 9 uncursed K-rations an uncursed eucalyptus leaf 2 uncursed lembas wafers an uncursed lizard corpse 2 uncursed scrolls of blank paper an uncursed scroll of earth 2 uncursed scrolls of enchant armor a blessed scroll of enchant weapon 2 uncursed scrolls of enchant weapon a cursed scroll of enchant weapon 4 uncursed scrolls of gold detection a blessed scroll of remove curse a blessed scroll of scare monster an uncursed scroll of teleportation an uncursed spellbook of force bolt a blessed spellbook of haste self an uncursed spellbook of magic missile a blessed spellbook of restore ability 9 uncursed diluted potions of full healing a blessed potion of enlightenment 5 uncursed potions of extra healing an uncursed potion of healing 8 potions of holy water 4 uncursed potions of paralysis an uncursed potion of restore ability an uncursed ring of conflict an uncursed +3 ring of gain constitution an uncursed +2 ring of gain strength an uncursed ring of polymorph a cursed ring of polymorph an uncursed ring of polymorph control an uncursed ring of polymorph control named 150 an uncursed +1 ring of protection an uncursed ring of searching a cursed ring of slow digestion a cursed ring of teleportation a wand of cold (0:5) a wand of digging (0:7) a wand of digging (0:7) a wand of digging (0:7) a wand of digging (0:5) a wand of digging (0:5) a wand of digging (0:5) a cursed wand of digging (0:5) a wand of digging (0:4) a wand of digging (0:4) a wand of digging (0:4) a wand of digging (0:3) a wand of fire (0:5) a wand of fire (0:5) a blessed wand of fire (0:4) a wand of fire (0:4) a wand of light (0:5) a wand of lightning (0:2) a wand of sleep (0:6) a rusty wand of sleep (0:6) a wand of sleep (0:4) a wand of sleep (0:1) a wand of sleep (0:0) a rusty wand of slow monster (0:7) a wand of slow monster (0:5) a blessed wand of speed monster (0:6) a wand of striking (0:7) a wand of striking (0:4) a wand of teleportation (0:7) a cursed wand of teleportation (0:2) a can of grease (0:7) a drum of earthquake (0:6) an expensive camera (0:53) 7 uncursed amethyst stones an uncursed aquamarine stone 4 uncursed diamonds named diamond 5 uncursed emeralds an uncursed flint stone 7 uncursed fluorite stones 4 uncursed jade stones Spells and supernatural/magical abilities: Name Level Category Fail Memory a - force bolt 1 attack 18% 45% c - cause fear 3 enchantment 18% 84% f - fireball 4 attack 25% 84% h - healing 1 healing 1% 2% i - invisibility 4* escape 25% 0% j - jumping 1* escape 18% 0% k - knock 1* matter 18% 0% l - light 1 divination 18% 80% m - magic missile 2 attack 18% 84% n - detect monsters 1* divination 18% 0% p - protection 1 clerical 18% 2% u - confuse monster 2 enchantment 18% 84% x - extra healing 3 healing 1% 83% z - sleep 1 enchantment 18% 1% A - create familiar 6* clerical 100% 0% B - cure blindness 2 healing 1% 82% D - drain life 2 attack 18% 84% H - haste self 3 escape 18% 84% I - identify 3 divination 18% 1% L - levitation 4 escape 25% 84% O - create monster 2 clerical 18% 82% R - restore ability 4* healing 0% 0% S - stone to flesh 3* healing 18% 0% T - turn undead 6 clerical 100% 44% U - detect unseen 3* divination 18% 0% W - pray for help -- divine ? -- Z - breathe acid -- ability ? -- Your skills at the end: Fighting Skills martial arts [Grand Master] Weapon Skills long sword [Basic] spear [Basic] crossbow [Basic] Spellcasting Skills attack spells [Basic] healing spells [Basic] divination spells [Basic] enchantment spells [Basic] escape spells [Basic] Final Attributes: You were the Hand of Elbereth. You were piously aligned. You were fire resistant. You were cold resistant. You were sleep resistant. You were shock resistant. You were poison resistant. You were magic-protected. You were acid resistant. You were petrification resistant. You were blinded. You saw invisible. You were telepathic. You were warned. You had automatic searching. You were invisible to others. You were stealthy. You had teleport control. You could fly. You had slower digestion. You were polymorphed into a yellow dragon. You were fast. You had free action. Your life would have been saved. You were extremely lucky. You had extra luck. Good luck did not time out for you. You survived. Vanquished creatures: Asmodeus Baalzebub Orcus Juiblex The Wizard of Yendor (8 times) Death 9 arch-liches a high priest Master Kaen a mastodon Medusa Croesus 12 krakens 3 iron golems 4 master liches 10 storm giants 3 glass golems a balrog 4 purple worms 2 gray dragons a silver dragon 3 red dragons a white dragon an orange dragon 8 black dragons 3 blue dragons 3 green dragons 5 yellow dragons 33 minotaurs 2 jabberwocks 6 baluchitheria 7 Angels 6 demiliches Vlad the Impaler 6 stone golems 3 master mind flayers 11 Olog-hai 7 Nazgul 8 pit fiends 5 sandestins 6 hell hounds 8 titanotheres 2 trappers a baby gray dragon 2 baby orange dragons a baby green dragon 31 vampire lords 6 shades 5 skeletons The Oracle 21 aligned priests 6 captains 17 liches 5 water trolls 2 clay golems 8 nurses 5 ice devils 4 nalfeshnees 5 lurkers above 4 frost giants 4 ettins a golden naga 2 black puddings 24 vampires 42 ghosts 10 lieutenants a caveman a queen bee 9 winged gargoyles a mind flayer 10 giant mimics 12 zruties 7 fire giants 16 ogre kings 4 ice trolls 10 rock trolls 6 umber hulks 3 flesh golems 11 Elvenkings 4 doppelgangers 20 hezrous 20 bone devils 9 large mimics 3 wumpuses 4 fire vortices 5 long worms 5 couatls 11 stalkers 8 air elementals 14 fire elementals 65 earth elementals 10 water elementals 11 hill giants 7 giant mummies 3 black nagas 39 xorns 24 giant zombies 10 elf-lords 24 sergeants 6 barbed devils 10 vrocks 6 salamanders 11 wargs 6 winter wolves 12 hell hound pups 17 small mimics a glass piercer 6 warhorses 14 steam vortices 9 xans 7 ettin mummies 6 ogre lords 13 quantum mechanics 33 trolls 6 wood golems an erinys 5 mariliths a djinni 6 sharks 8 electric eels 7 gelatinous cubes a pyrolisk 5 freezing spheres 10 flaming spheres 9 shocking spheres 6 large cats 11 tigers 5 gargoyles a dwarf king a tengu 12 ochre jellies 14 leocrottas 6 energy vortices 3 mountain centaurs 4 stone giants 6 elf mummies 4 human mummies 3 red nagas 5 green slimes 11 pit vipers 3 pythons 6 cobras 60 wraiths 6 carnivorous apes 17 ettin zombies a leather golem 13 Grey-elves 118 soldiers 3 horned devils 11 succubi 14 incubi 7 chameleons 5 crocodiles 14 giant beetles 4 quivering blobs 23 cockatrices 11 wolves 4 winter wolf cubs 5 lynxes 3 panthers 24 gremlins 5 spotted jellies 72 leprechauns 6 orc-captains 6 iron piercers 3 mumakil 11 giant spiders 13 scorpions 7 horses 5 ice vortices 5 black lights 12 vampire bats 6 forest centaurs 6 gnome kings 4 orc mummies 3 dwarf mummies 22 ogres 12 brown puddings 16 rust monsters 19 owlbears 5 yetis 4 gold golems 3 werewolves 7 Green-elves 4 piranhas 12 giant eels 18 lizards an abbot 8 chickatrices 4 dogs 2 dingos a housecat 7 jaguars a dwarf lord 5 blue jellies a white unicorn 8 gray unicorns 9 black unicorns 8 dust vortices 10 ravens 10 plains centaurs 3 gnome mummies 10 snakes 4 water moccasins 17 apes 17 human zombies 2 rope golems 11 Woodland-elves 20 soldier ants 17 fire ants 32 bugbears an imp 3 lemures 7 quasits 7 wood nymphs 11 water nymphs 9 mountain nymphs 7 Mordor orcs 17 Uruk-hai 2 orc shamans 10 rock piercers 6 rock moles 5 ponies 6 fog clouds 16 yellow lights 3 shriekers 9 violet fungi 27 gnome lords 9 gnomish wizards 5 kobold mummies a red naga hatchling 2 golden naga hatchlings a guardian naga hatchling 7 gray oozes 8 barrow wights 19 elf zombies 17 ghouls 6 straw golems 2 paper golems 7 jellyfish 20 giant ants 3 little dogs 8 floating eyes 5 kittens 6 dwarves 3 homunculi 8 kobold lords 4 kobold shamans 4 hill orcs 9 rothes 3 rabid rats 2 centipedes 9 giant bats 2 monkeys 22 orc zombies 17 dwarf zombies 2 wererats 4 werejackals 15 iguanas 26 killer bees 5 acid blobs 4 coyotes a gas spore 6 hobbits 32 manes 3 large kobolds 31 hobgoblins 22 giant rats 7 cave spiders 4 brown molds 2 yellow molds 6 green molds a red mold 80 gnomes 19 garter snakes 12 gnome zombies 7 geckos 15 jackals a fox 5 kobolds 6 goblins 4 sewer rats 14 grid bugs 3 bats 9 lichens 14 kobold zombies 13 newts 2678 creatures vanquished. Genocided species: disenchanters jellyfish piranhas sharks giant eels electric eels krakens 7 species genocided. Voluntary challenges: You had followed a strict vegetarian diet until turn 8419. You had been an atheist until turn 10007. You used a wielded weapon 1832 times, starting on turn 2327. You read items or engraved 419 times, starting on turn 1766. You genocided 7 types of monsters, starting on turn 43245. You polymorphed 76 items, starting on turn 22287. You changed form 2 times, starting on turn 58582. You used 9 wishes, starting on turn 12114. You wished for your your first artifact on turn 12114. You split 2 puddings, starting on turn 43076. You wrote Elbereth's name 26 times, starting on turn 2463. You violated your moral code, losing 115 points of alignment, starting on turn 8419. Dungeon overview: The Dungeons of Doom: levels 1 to 27 Level 1 a fountain stairs to The Elemental Planes Level 2 a fountain Level 3 a fountain stairs to The Gnomish Mines Level 4 some fountains Level 5 a fountain Level 6 a fountain Level 7 Level 8 a fountain Level 9 many fountains Level 10 stairs to Sokoban Level 11 Level 12 a fountain portal to Fort Ludios Level 13 Level 14 an altar to Shan Lai Ching Level 15 Level 16 portal to The Quest Level 17 a sink Level 18 a temple to Shan Lai Ching, a fountain Level 19 some fountains Level 20 Level 21 a delicatessen Level 22 a sink Level 23 Level 24 Level 25 Level 26 Level 27 Gehennom: levels 28 to 51 Level 28 a temple to Moloch stairs to The Dungeons of Doom Level 29 Level 30 Level 31 a fountain Level 32 Level 33 Level 34 Level 35 Level 36 Level 37 Level 38 some shops, an altar to Moloch Level 39 stairs to Vlad's Tower Level 40 Level 41 Level 42 Level 43 Level 44 portal to Gehennom Level 45 Level 46 Level 47 Level 48 portal to Gehennom Level 49 Level 50 Level 51 The Gnomish Mines: levels 4 to 12 Level 4 stairs to The Dungeons of Doom Level 5 Level 6 Level 7 many shops, a temple to Shan Lai Ching, some fountains Level 8 Level 9 Level 10 Level 11 Level 12 The Quest: levels 1 to 5 Level 1 a temple to Moloch portal to The Dungeons of Doom Level 2 Level 3 Level 4 Level 5 an altar to Moloch Sokoban: levels 6 to 9 Level 6 Level 7 Level 8 Level 9 stairs to The Dungeons of Doom Fort Ludios: Level 1 portal to The Dungeons of Doom Vlad's Tower: levels 36 to 38 Level 36 Level 37 Level 38 stairs to Gehennom The Elemental Planes: Astral Plane <- You were here a high altar Plane 4 portal to The Elemental Planes Plane 3 portal to The Elemental Planes Plane 2 portal to The Elemental Planes Plane 1 portal to The Elemental Planes History has recorded: On T:1 you entered the Dungeons of Doom to retrieve the Amulet of Yendor! On T:277 you reached level 2 of The Dungeons of Doom. On T:424 you advanced to experience level 2. On T:569 you reached level 3 of The Dungeons of Doom. On T:617 you advanced to experience level 3. On T:643 you reached level 4 of The Dungeons of Doom. On T:830 you reached level 5 of The Dungeons of Doom. On T:925 you reached level 1 of The Gnomish Mines. On T:941 you advanced to experience level 4. On T:1088 you advanced to experience level 5. On T:2119 you advanced to experience level 6. On T:2204 you reached level 6 of The Dungeons of Doom. On T:2694 you advanced to experience level 7. On T:2933 you reached level 7 of The Dungeons of Doom. On T:3094 you reached level 8 of The Dungeons of Doom. On T:3198 you advanced to experience level 8. On T:4325 you reached level 9 of The Dungeons of Doom. On T:4552 you reached level 10 of The Dungeons of Doom. On T:4811 you reached level 4 of Sokoban. On T:5076 you reached level 3 of Sokoban. On T:5745 you reached level 2 of Sokoban. On T:6160 you advanced to experience level 9. On T:6167 you reached level 1 of Sokoban. On T:8103 you reached level 11 of The Dungeons of Doom. On T:8947 you reached level 12 of The Dungeons of Doom. On T:9413 you advanced to experience level 10. On T:9526 you reached level 13 of The Dungeons of Doom. On T:9720 you reached level 14 of The Dungeons of Doom. On T:10386 you reached level 15 of The Dungeons of Doom. On T:11247 you reached level 2 of The Gnomish Mines. On T:11586 you reached level 3 of The Gnomish Mines. On T:11965 you reached level 4 of The Gnomish Mines. On T:12114 you wished for "The Magic Mirror of Merlin". On T:12470 you reached level 5 of The Gnomish Mines. On T:12682 you reached level 6 of The Gnomish Mines. On T:12870 you reached level 7 of The Gnomish Mines. On T:13085 you reached level 8 of The Gnomish Mines. On T:13368 you reached level 9 of The Gnomish Mines. On T:16047 you advanced to experience level 11. On T:16479 you reached level 16 of The Dungeons of Doom. On T:16584 you reached level 17 of The Dungeons of Doom. On T:18549 you advanced to experience level 12. On T:19859 you reached level 18 of The Dungeons of Doom. On T:20140 you reached level 19 of The Dungeons of Doom. On T:20445 you reached level 20 of The Dungeons of Doom. On T:20665 you reached level 21 of The Dungeons of Doom. On T:22138 you advanced to experience level 13. On T:22982 you reached level 22 of The Dungeons of Doom. On T:23029 you reached level 23 of The Dungeons of Doom. On T:25377 you advanced to experience level 14. On T:25647 you reached level 1 of The Quest. On T:25885 you embarked upon an epic quest. On T:26021 you reached level 2 of The Quest. On T:26370 you reached level 3 of The Quest. On T:26866 you reached level 4 of The Quest. On T:27488 you reached level 5 of The Quest. On T:28204 you completed the quest! On T:29316 you wished for "2 blessed scroll of charging". On T:29842 you wished for "blessed fireproof +2 gauntlets of dexterity". On T:31082 you reached level 24 of The Dungeons of Doom. On T:31422 you advanced to experience level 15. On T:31928 you reached Fort Ludios. On T:32855 you killed Croesus in Fort Ludios. On T:33647 you wished for "magic marker". On T:34652 you were crowned as the Hand of Elbereth! On T:35851 you killed Medusa on level 24 of The Dungeons of Doom. On T:36053 you reached level 25 of The Dungeons of Doom. On T:36210 you reached level 26 of The Dungeons of Doom. On T:36320 you reached The Castle. On T:37051 you advanced to experience level 16. On T:38243 you reached The Valley of the Dead. On T:38865 you advanced to experience level 17. On T:40471 you wished for "blessed fireproof +2 t-shirt". On T:41140 you advanced to experience level 18. On T:42648 you wished for "magic marker". On T:42803 you wished for "magic marker". On T:43230 you wished for "2 blessed +2 silver spear ". On T:43720 you reached level 3 of Gehennom. On T:44195 you reached level 4 of Gehennom. On T:44370 you advanced to experience level 19. On T:44841 you reached level 5 of Gehennom. On T:45010 you advanced to experience level 20. On T:45019 you reached level 6 of Gehennom. On T:46402 you killed Asmodeus on level 6 of Gehennom. On T:46583 you reached level 7 of Gehennom. On T:47294 you reached level 8 of Gehennom. On T:47985 you reached level 9 of Gehennom. On T:48449 you reached level 10 of Gehennom. On T:49463 you reached level 11 of Gehennom. On T:50418 you reached level 12 of Gehennom. On T:50716 you reached level 13 of Gehennom. On T:50847 you killed Orcus on level 11 of Gehennom. On T:51295 you reached level 3 of Vlad's Tower. On T:51426 you reached level 2 of Vlad's Tower. On T:51541 you reached level 1 of Vlad's Tower. On T:51609 you killed Vlad the Impaler on level 1 of Vlad's Tower. On T:52761 you reached level 14 of Gehennom. On T:53394 you reached level 15 of Gehennom. On T:53878 you reached level 16 of Gehennom. On T:54022 you advanced to experience level 21. On T:54332 you reached level 17 of Gehennom. On T:54819 you reached level 18 of Gehennom. On T:55496 you reached level 19 of Gehennom. On T:55828 you reached level 20 of Gehennom. On T:56225 you reached level 21 of Gehennom. On T:57114 you reached level 22 of Gehennom. On T:57521 you reached level 23 of Gehennom. On T:59956 you killed Wizard of Yendor on level 15 of Gehennom. On T:59996 you performed the invocation. On T:59997 you reached level 24 of Gehennom. On T:60101 you advanced to experience level 22. On T:60178 you advanced to experience level 23. On T:60181 you advanced to experience level 24. On T:60308 you killed high priestess of Moloch on level 24 of Gehennom. On T:60312 you gained the Amulet of Yendor! On T:60328 you advanced to experience level 25. On T:60473 you killed Wizard of Yendor on level 20 of Gehennom. On T:60888 you killed Wizard of Yendor on level 14 of Gehennom. On T:61258 you killed Wizard of Yendor on level 6 of Gehennom. On T:61609 you killed Wizard of Yendor on level 4 of Gehennom. On T:62023 you killed Baalzebub on level 20 of The Dungeons of Doom. On T:62529 you reached the Plane of Earth. On T:62536 you killed Wizard of Yendor on the Plane of Earth. On T:62702 you reached the Plane of Air. On T:62790 you reached the Plane of Fire. On T:62912 you reached the Plane of Water. On T:63005 you killed Wizard of Yendor on the Plane of Water. On T:63006 you killed Wizard of Yendor on the Plane of Water. On T:63050 you reached the Astral Plane. On T:63054 you wished for "blessed cockatrice corpse". On T:63071 you killed Death on the Astral Plane. On T:63110 you lost the Amulet of Yendor. On T:63110 you offered the Amulet of Yendor to Shan Lai Ching and ascended to the status of Demigod! Score breakdown: Gold: 0 ( 0 points) Experience: 25 levels (27291 points) Exploration: 51 levels (100.00%) (30000 points) Discoveries: 148 items ( 52.86%) (21810 points) Valuables value: 38500 (15598 points) Artifact value: 8000 (13277 points) Variety of kills: 287 monsters ( 75.33%) (26037 points) Turncount: 63110 turns (-5100 points) Survival: ascended (score multiplied by 200%) Total score: 257826 Latest messages: You merge with your scaly armor. You turn into a male yellow dragon! Your robe tears apart! Your shirt rips to shreds! You drop your gloves! An uncursed fireproof +5 pair of gauntlets of dexterity lands on the altar. You can no longer hold your shield! There is an amber flash as a blessed +4 shield of reflection hits the altar. Your hat falls to the altar! There is an amber flash as a blessed greased fireproof +6 elven leather helm hits the altar. Your boots are pushed off your feet! Your rear limbs feel shorter. There is an amber flash as a blessed rotted fireproof +5 pair of jumping boots hits the altar. You have a special ability in this form: 'breathe acid'. You can cast it like a spell. You offer the Amulet of Yendor to Shan Lai Ching... An invisible choir sings, and you are bathed in radiance... The voice of Shan Lai Ching booms: "Congratulations, creature!" "In return for thy service, I grant thee the gift of Immortality!" You ascend to the status of Demigod... Final status: Goodbye blob the Demigod, ascended... You and the guardian Angel of Shan Lai Ching and the purple worm and the purple worm went to your reward with 257826 points, The Eyes of the Overworld (worth 2500 zorkmids) The Magic Mirror of Merlin (worth 1500 zorkmids) Excalibur (worth 4000 zorkmids) 7 amethyst stones (worth 4200 zorkmids), 7 fluorite stones (worth 2800 zorkmids), 5 emeralds (worth 12500 zorkmids), 4 diamonds (worth 16000 zorkmids), 4 jade stones (worth 1200 zorkmids), 1 aquamarine stone (worth 1500 zorkmids), 1 amulet of life saving (worth 150 zorkmids), 1 amulet of magical breathing (worth 150 zorkmids), and 0 pieces of gold, after 63110 moves. You were level 25 with a maximum of 231 hit points when you ascended.